[Event "Team 45 45 League T48"]
[Site "Internet Chess Club"]
[Date "2011.03.06"]
[Round "4"]
[White "hewdondada"]
[Black "frank001"]
[Result "1/2-1/2"]
[WhiteElo "1817"]
[BlackElo "1636"]
[Opening "Trompowsky attack (Ruth, Opocenský opening)"]
[ECO "A45"]
[Time "22:03:04"]
[TimeControl "2700+45"]

1. d4 Nf6 2. Bg5 c5 3. Bxf6 exf6 4. d5 f5 5. c4 d6 6. Nf3 a6 7. e3 g6 8. Bd3 Bg7
9. Nc3 O-O 10. O-O Re8 11. Rb1 Qa5 12. Qc2 Bd7 13. a3 b5 14. b4 Qb6 15. Nd2 cxb4
16. axb4 Rc8 17. Rfc1 Ra7 18. Qb3 Rac7 19. Ne2 Be8 20. cxb5 Bxb5 21. g3 Nd7 22.
Nf3 Qb7 23. Rxc7 Rxc7 24. Ned4 Bxd3 25. Qxd3 Qxd5 26. Qxa6 h6 27. b5 Qe4 28. Rd1
Qd5 29. Qa5 Qb7 30. Nc6 Bf8 31. Nfd4 Ne5 32. Ra1 Kh7 33. Qa8 Bg7 34. Ra7 Qxa8
35. Rxa8 Nxc6 36. Nxc6 Rb7 37. Rb8 Rc7 38. Kf1 Bf6 39. Ke2 g5 40. Kd3 Kg6 41.
Kc4 Kh5 42. f3 Be5 43. f4 Rxc6+ 44. bxc6 d5+ 45. Kxd5 Bxb8 46. h3 Kg6 47. Kc5
Bc7 48. Kb5 Kf6 49. Ka6 Ke6 50. Kb7 Kd6 51. g4 fxg4 52. hxg4 f6 53. f5 Ba5 54.
e4 Bd8 55. Kc8 Ba5 56. Kb7 Ke5 57. c7 Bxc7 58. Kxc7 Kxe4 59. Kd6 Kf4 60. Ke6
Kxg4 61. Kxf6 Kh5 62. Kg7 g4 63. f6 g3 64. f7 g2 65. f8=Q g1=Q+ 66. Kh7 Qb1+ 67.
Kh8 Qb2+ 68. Kh7 Qc2+ 69. Kh8 Qc3+ 70. Kh7 Qd3+ 71. Kh8 Qd4+ 72. Kh7 Qd7+ 73.
Kh8 Qg4 74. Qxh6+ Kxh6 {White stalemated} 1/2-1/2

[Event "Team 45 45 League T48"]
[Site "Internet Chess Club"]
[Date "2011.03.05"]
[Round "4"]
[White "primerpaso"]
[Black "Fatman"]
[Result "1-0"]
[WhiteElo "1770"]
[BlackElo "1742"]
[Opening "English: Bremen, reverse dragon"]
[ECO "A22"]
[Time "12:03:21"]
[TimeControl "2700+45"]

1. c4 e5 2. Nc3 Nf6 3. g3 d5 4. cxd5 Nxd5 5. Bg2 Nb6 6. Nf3 Nc6 7. O-O Be7 8. d3
Be6 9. Be3 O-O 10. Na4 Nxa4 11. Qxa4 f5 12. Rac1 Qe8 13. Rfd1 Rc8 14. d4 f4 15.
d5 Bd7 16. dxc6 Bxc6 17. Qc4+ Kh8 18. Bc5 Bd6 19. Bxd6 cxd6 20. Qb4 d5 21. gxf4
Rxf4 22. Qd6 Rf5 23. Rd2 Rd8 24. Qa3 a6 25. Qa5 Rh5 26. Rdc2 d4 27. Rxc6 bxc6
28. Nd2 Rb8 29. b3 e4 30. Qxa6 e3 31. Ne4 Qe5 32. h3 exf2+ 33. Nxf2 Qe3 34. Rf1
Rf8 35. Qd3 Ra5 36. Qxe3 dxe3 37. Ng4 Rxf1+ 38. Kxf1 Rxa2 39. Bxc6 Rc2 40. Bd5
Rc3 41. Kg2 h5 42. Ne5 Rc5 43. Nf7+ Kg8 44. Bc4 Kf8 45. Kf3 Ke7 46. Kxe3 Kf6 47.
Kd4 Rf5 48. Nd6 Rf4+ 49. Kc5 Rh4 50. b4 Rxh3 51. b5 Ke7 52. b6 Kd8 53. Kc6 Rh1
54. b7 Rb1 55. Nb5 {Black resigns} 1-0

[Event "Team 45 45 League T48"]
[Site "Internet Chess Club"]
[Date "2011.03.05"]
[Round "4"]
[White "RamRock"]
[Black "jjmolina"]
[Result "0-1"]
[WhiteElo "1919"]
[BlackElo "1733"]
[Opening "Ruy Lopez: Treybal (Bayreuth) variation (exchange var. deferred)"]
[ECO "C77"]
[Time "10:00:31"]
[TimeControl "2700+45"]

1. e4 e5 2. Nf3 Nc6 3. Bb5 a6 4. Ba4 Nf6 5. Bxc6 dxc6 6. d3 Bd6 7. Nbd2 O-O 8.
Nc4 Nd7 9. Bd2 Re8 10. Qe2 c5 11. g4 Nb6 12. Ne3 Re6 13. h4 Qd7 14. g5 Qb5 15.
b3 a5 16. h5 a4 17. Nh4 axb3 18. cxb3 Bf8 19. g6 Qe8 20. gxh7+ Kxh7 21. O-O-O
Rxa2 22. Kb1 Ra3 23. Kb2 Ra6 24. Rdg1 Na4+ 25. Kc2 Nb6 26. Bc3 Ra2+ 27. Bb2 Na4
28. Rb1 Nxb2 29. Rxb2 Rea6 30. Nhf5 Qb5 31. Qd2 R6a3 32. Qc3 Be6 33. Nc4 Rxb2+
34. Kxb2 Ra8 35. Nxe5 Qa6 36. Kc2 Bxf5 37. exf5 Qf6 38. Nd7 Ra2+ {White resigns}
0-1

[Event "Team 45 45 League T48"]
[Site "Internet Chess Club"]
[Date "2011.03.05"]
[Round "4"]
[White "IceBox"]
[Black "otherook"]
[Result "1/2-1/2"]
[WhiteElo "1742"]
[BlackElo "1749"]
[Opening "Old Indian defense"]
[ECO "A42"]
[Time "10:00:49"]
[TimeControl "2700+45"]

1. d4 d6 2. c4 e5 3. d5 f5 4. Nc3 Be7 5. e4 Nf6 6. Bd3 f4 7. Nf3 a5 8. Bd2 Na6
9. a3 Nc5 10. Bc2 Bg4 11. b4 axb4 12. axb4 Bxf3 13. Rxa8 Bxd1 14. Rxd8+ Bxd8 15.
Kxd1 Ncd7 16. Ke2 O-O 17. f3 g5 18. Ra1 Be7 19. Ra7 Rb8 20. Nb5 Ne8 21. Nc3 Nb6
22. Kd3 Nc8 23. Ra2 Kf8 24. Be1 h6 25. Bf2 Kf7 26. Ba4 Kf8 27. Bd7 Nf6 28. Be6
Ne8 29. c5 Nf6 30. Nb5 Ne8 31. Kc4 c6 32. Na7 b5+ 33. Kc3 Nxa7 34. Rxa7 cxd5 35.
Bxd5 dxc5 36. bxc5 Nf6 37. Kb4 Rd8 38. Bb3 Rd2 39. Be1 Rb2 40. Bc3 Bxc5+ 41.
Kxc5 Rxb3 42. Bxe5 Ne8 43. Rh7 Rb1 44. Rxh6 b4 45. Kc4 b3 46. Kc3 Rg1 47. Kxb3
Rxg2 48. h4 g4 49. fxg4 f3 50. Rh5 Rxg4 51. Rf5+ Kg8 52. Rxf3 Rxe4 {Game drawn
by mutual agreement} 1/2-1/2

[Event "Team 45 45 League T48"]
[Site "Internet Chess Club"]
[Date "2011.03.07"]
[Round "4"]
[White "CamLeslie"]
[Black "Caminator"]
[Result "1-0"]
[WhiteElo "1937"]
[BlackElo "1828"]
[Opening "French: classical, Steinitz variation"]
[ECO "C14"]
[Time "19:23:53"]
[TimeControl "2700+45"]

1. e4 e6 2. d4 d5 3. Nc3 Nf6 4. Bg5 Be7 5. e5 Nfd7 6. Bxe7 Qxe7 7. f4 a6 8. Nf3
c5 9. dxc5 Nxc5 10. Qd2 Nc6 11. O-O-O O-O 12. Bd3 b5 13. Kb1 f5 14. exf6 Qxf6
15. g3 Bb7 16. Rhe1 b4 17. Ne2 g6 18. Qe3 Nxd3 19. cxd3 Rfe8 20. Ned4 Nxd4 21.
Nxd4 Re7 22. Rc1 Rae8 23. Nf3 a5 24. Qb6 Ra8 25. Rc7 Ba6 26. Ne5 Rxc7 27. Qxc7
Qf5 28. Rd1 Qf8 29. d4 a4 30. Qb6 Bc8 31. Rc1 a3 32. b3 Qf5+ 33. Ka1 Qh3 34.
Qd8+ Kg7 35. Qe7+ Kh6 36. Nf7+ Kg7 37. Ng5+ {Black resigns} 1-0

[Event "Team 45 45 League T48 u"]
[Site "Internet Chess Club"]
[Date "2011.03.05"]
[Round "4"]
[White "avila"]
[Black "betolini"]
[Result "1-0"]
[WhiteElo "1780"]
[BlackElo "1838"]
[Opening "Sicilian: Pelikan (Lasker/Sveshnikov) variation"]
[ECO "B33"]
[Time "13:31:09"]
[TimeControl "2700+45"]

1. e4 c5 2. Nf3 Nc6 3. d4 cxd4 4. Nxd4 Nf6 5. Nc3 e5 6. Ndb5 d6 7. Nd5 Nxd5 8.
exd5 Ne7 9. c4 a6 10. Qa4 axb5 11. Qxa8 Nf5 12. Bd3 bxc4 13. Bxc4 Nd4 14. O-O
Be7 15. Be3 b5 16. Bd3 Bf5 17. Qxd8+ Bxd8 18. Bxf5 Nxf5 19. Rac1 Ne7 20. Rfd1 f5
21. Bg5 Bb6 22. Bxe7 Kxe7 23. Rc6 Bc5 24. Rc7+ Kf6 25. a3 b4 26. axb4 Bxb4 27.
Rb7 Bc5 28. b4 Bd4 29. b5 Rc8 30. Rd7 Rc2 31. Rxd6+ Ke7 32. Re6+ Kd7 33. Rb1
Rxf2 34. Kh1 e4 35. b6 Bb2 36. b7 Kc7 37. Re7+ Kb8 38. d6 Rd2 39. d7 {Black
resigns} 1-0

[Event "Team 45 45 League T48"]
[Site "Internet Chess Club"]
[Date "2011.03.07"]
[Round "4"]
[White "vvsi"]
[Black "soccerisfun"]
[Result "0-1"]
[WhiteElo "1605"]
[BlackElo "1815"]
[Opening "KGD: classical, 4.c3"]
[ECO "C30"]
[Time "23:05:20"]
[TimeControl "2700+45"]

1. e4 e5 2. f4 Bc5 3. Nf3 d6 4. c3 Nf6 5. fxe5 dxe5 6. Nxe5 Qe7 7. d4 Bd6 8.
Bb5+ c6 9. Bd3 Bxe5 10. dxe5 Qxe5 11. O-O Be6 12. Bf4 Qc5+ 13. Kh1 Nbd7 14. Qe2
h6 15. Nd2 Bg4 16. Nf3 g5 17. Be3 Qe7 18. Qc2 Bxf3 19. Rxf3 Ne5 20. Rff1 Nxd3
21. Qxd3 Rd8 22. Qc2 O-O 23. Bxa7 Qxe4 24. Qb3 Ng4 25. Bc5 Rd2 26. Rg1 Qf4
{White resigns} 0-1

[Event "Team 45 45 League T48"]
[Site "Internet Chess Club"]
[Date "2011.03.06"]
[Round "4"]
[White "chessrabbit"]
[Black "chrisgianno"]
[Result "1-0"]
[WhiteElo "1609"]
[BlackElo "1566"]
[Opening "Danish gambit"]
[ECO "C21"]
[Time "15:47:06"]
[TimeControl "2700+45"]

1. e4 e5 2. d4 exd4 3. c3 dxc3 4. Bc4 cxb2 5. Bxb2 d6 6. Nf3 Nc6 7. Qb3 Qe7 8.
Nc3 Nf6 9. O-O b6 10. Bb5 Bd7 11. Nd5 Nxd5 12. Bxc6 Bxc6 13. exd5 Bxd5 14. Qxd5
O-O-O 15. Rfe1 c6 16. Qxc6+ Qc7 17. Qa8+ Kd7 18. Qd5 Kc8 19. Rac1 {Black
resigns} 1-0

[Event "Team 45 45 League T48"]
[Site "Internet Chess Club"]
[Date "2011.03.06"]
[Round "4"]
[White "DreamCatcher13"]
[Black "PandorasBox"]
[Result "1-0"]
[WhiteElo "1938"]
[BlackElo "1916"]
[Opening "French: Tarrasch, closed variation"]
[ECO "C05"]
[Time "16:29:38"]
[TimeControl "2700+45"]

1. e4 e6 2. d4 d5 3. Nd2 Nf6 4. e5 Nfd7 5. Bd3 c5 6. c3 Nc6 7. Ne2 Qb6 8. Nf3 f6
9. exf6 Nxf6 10. O-O cxd4 11. cxd4 Bd6 12. g3 O-O 13. a3 Bd7 14. b4 e5 15. dxe5
Nxe5 16. Nxe5 Bxe5 17. Be3 d4 18. Bxd4 Bxd4 19. Nxd4 Bh3 20. Re1 Rad8 21. Qb3+
Kh8 22. Bf5 Rxd4 23. Bxh3 Rd2 24. Qe3 Qd6 25. Qe7 Qb8 26. Re2 Rxe2 27. Qxe2 b6
28. Rc1 Qb7 29. Qe6 Qf3 30. Rc8 Ne8 31. Rxe8 Qxf2+ 32. Kh1 Qf3+ 33. Bg2 Qd1+ 34.
Qe1 Qd6 35. Rxf8+ {Black resigns} 1-0

[Event "Team 45 45 League T48"]
[Site "Internet Chess Club"]
[Date "2011.03.06"]
[Round "4"]
[White "byebyebadman"]
[Black "bshribharath"]
[Result "1-0"]
[WhiteElo "1872"]
[BlackElo "1747"]
[Opening "Bishop's opening: Berlin defense"]
[ECO "C24"]
[Time "03:41:56"]
[TimeControl "2700+45"]

1. e4 e5 2. Bc4 Nf6 3. d3 Bb4+ 4. c3 Be7 5. f4 d6 6. Nf3 Nbd7 7. Ng5 O-O 8.
Bxf7+ Rxf7 9. Ne6 Qe8 10. Nxc7 Qd8 11. Nxa8 exf4 12. O-O Ne5 13. Qb3 Nxd3 14.
Bxf4 Nxe4 15. Be3 Ndc5 16. Qxf7+ {Black resigns} 1-0

[Event "Team 45 45 League T48"]
[Site "Internet Chess Club"]
[Date "2011.03.05"]
[Round "4"]
[White "Ivio"]
[Black "GeorgeCostanza"]
[Result "0-1"]
[WhiteElo "1796"]
[BlackElo "1787"]
[Opening "Nimzo-Indian: Sämisch variation"]
[ECO "E24"]
[Time "11:09:26"]
[TimeControl "2700+45"]

1. d4 Nf6 2. c4 e6 3. Nc3 Bb4 4. a3 Bxc3+ 5. bxc3 c5 6. Qc2 d5 7. Bg5 cxd4 8.
cxd4 Nc6 9. Nf3 h6 10. Bxf6 Qxf6 11. e3 O-O 12. Bd3 dxc4 13. Qxc4 e5 14. d5 e4
15. O-O exd3 16. dxc6 Qxc6 17. Qxd3 Qf6 18. Rac1 Bg4 19. Nd4 Rac8 20. Qe4 Rxc1
21. Rxc1 Bc8 22. h3 Qd8 23. Rc5 b6 24. Rc4 Re8 25. Qf4 Bb7 26. Rc7 Qd5 27. Qg4
Re4 28. Qd7 Rxd4 29. Qxd5 Rxd5 30. Rxb7 Ra5 31. Rb8+ Kh7 32. Rb7 Kg6 33. Kf1
Rxa3 34. Ke2 Kf6 35. h4 g5 36. hxg5+ hxg5 37. g4 Ke6 38. Rc7 f5 39. gxf5+ Kxf5
40. f3 a5 41. e4+ Ke5 42. Rc6 Rb3 43. Rg6 Kd4 44. Rxg5 a4 45. Rd5+ Kc4 46. Rd8
a3 47. e5 Rb2+ 48. Ke3 a2 49. Ra8 Kd5 50. f4 b5 51. Kd3 b4 52. Ra5+ Ke6 53. Ra6+
Kf5 54. Rf6+ Kg4 55. Ra6 Rb3+ 56. Ke4 Ra3 57. Rg6+ Kh5 58. Kf5 a1=Q 59. Rg5+ Kh6
60. Kf6 Ra6+ 61. Ke7 Ra7+ 62. Kf6 Qa6+ 63. e6 Qb7 64. Rg6+ Kh5 65. f5 Qe7+ 66.
Ke5 Ra5+ 67. Kf4 Qh4+ 68. Ke3 Rxf5 {White resigns} 0-1

[Event "Team 45 45 League T48"]
[Site "Internet Chess Club"]
[Date "2011.03.05"]
[Round "4"]
[White "rahulr"]
[Black "Salvatore"]
[Result "1-0"]
[WhiteElo "1605"]
[BlackElo "1603"]
[Opening "Réti opening"]
[ECO "A04"]
[Time "18:04:03"]
[TimeControl "2700+45"]

1. Nf3 Nc6 2. g3 f5 3. Bg2 Nf6 4. O-O e6 5. d3 Bc5 6. Nbd2 d5 7. Re1 O-O 8. Nb3
Bb6 9. Bf4 Ng4 10. d4 e5 11. Nxe5 Ncxe5 12. Bxe5 Nxe5 13. dxe5 c6 14. e3 Qe7 15.
f4 Be6 16. Nd4 Bd7 17. Qd3 Rad8 18. a4 a6 19. Qb3 Bc5 20. Qxb7 Rb8 21. Qxa6 Rxb2
22. Nxc6 Qe6 23. Rad1 Bxc6 24. Qxc6 Qxc6 25. Bxd5+ Kh8 26. Bxc6 Rxc2 27. Bb5 h6
28. Re2 Rxe2 29. Bxe2 Bxe3+ 30. Kg2 Rc8 31. Kf3 Bb6 32. Bb5 Rc2 33. Be2 Ra2 34.
e6 Ra3+ 35. Kg2 Kg8 36. Bc4 Kf8 37. Rd7 Re3 38. Rf7+ Kg8 39. e7 Kh7 40. Bb5
{Black resigns} 1-0

[Event "Team 45 45 League T48"]
[Site "Internet Chess Club"]
[Date "2011.03.06"]
[Round "4"]
[White "Zumbi"]
[Black "theophilus"]
[Result "1-0"]
[WhiteElo "2137"]
[BlackElo "2206"]
[Opening "French: Tarrasch"]
[ECO "C03"]
[Time "08:19:15"]
[TimeControl "2700+45"]

1. e4 e6 2. d4 d5 3. Nd2 Be7 4. e5 c5 5. Qg4 Bf8 6. dxc5 Qc7 7. Ngf3 Nd7 8. Qg3
Nxc5 9. Nd4 a6 10. Be2 f6 11. f4 fxe5 12. fxe5 Nh6 13. O-O g6 14. Qc3 Qb6 15. a4
Nd7 16. a5 Qxd4+ 17. Qxd4 Bc5 18. Nb3 Bxd4+ 19. Nxd4 Nf7 20. Nxe6 Ke7 21. Nc7
Rb8 22. e6 Kd6 23. exd7 Bxd7 24. Rxf7 {Black resigns} 1-0

[Event "Team 45 45 League T48"]
[Site "Internet Chess Club"]
[Date "2011.03.06"]
[Round "4"]
[White "mickeys"]
[Black "Tobiasdelmonte"]
[Result "1-0"]
[WhiteElo "1986"]
[BlackElo "1709"]
[Opening "QGD Slav: 4.e3"]
[ECO "D11"]
[Time "17:00:13"]
[TimeControl "2700+45"]

1. d4 d5 2. Nf3 Nf6 3. c4 c6 4. e3 a6 5. Nc3 g6 6. Bd3 Bg7 7. O-O Nbd7 8. Qc2
O-O 9. b3 Re8 10. Bb2 dxc4 11. bxc4 e5 12. a4 Qe7 13. Ba3 Qe6 14. Be2 h6 15.
Rab1 b5 16. Qb3 e4 17. Nd2 bxa4 18. Qxa4 a5 19. Rb2 Ba6 20. Rfb1 Rec8 21. Qc2
Re8 22. Bf1 Qf5 23. Bd6 Re6 24. Bg3 Bf8 25. f3 exf3 26. e4 Qh5 27. Nxf3 Bb4 28.
e5 Bxc3 29. Qxc3 Ne4 30. Qxa5 Nxg3 31. hxg3 Qg4 32. Qe1 Ree8 33. Qe3 c5 34. Qf4
Qxf4 35. gxf4 cxd4 36. Nxd4 Nc5 37. Nb5 Re7 38. Nd6 g5 39. Rb8+ Rxb8 40. Rxb8+
Kh7 41. g3 gxf4 42. gxf4 h5 43. Rb6 Ra7 44. Rc6 Ne6 45. Bd3+ Kg7 46. f5 Nd4 47.
Rc5 h4 48. Rd5 Nc6 49. Bf1 Kh6 50. e6 fxe6 51. fxe6 Rg7+ 52. Kh2 Kg6 53. Bd3+
{Black resigns} 1-0

[Event "Team 45 45 League T48"]
[Site "Internet Chess Club"]
[Date "2011.03.06"]
[Round "4"]
[White "pawnislander2"]
[Black "Pacini"]
[Result "1-0"]
[WhiteElo "1920"]
[BlackElo "1878"]
[Opening "Sicilian: accelerated fianchetto, Maróczy bind, 5...Bg7"]
[ECO "B37"]
[Time "19:04:15"]
[TimeControl "2700+45"]

1. e4 c5 2. Nf3 g6 3. d4 cxd4 4. Nxd4 Nc6 5. c4 Bg7 6. Nc2 Nf6 7. Nc3 O-O 8. Be2
d6 9. O-O a5 10. Be3 Bd7 11. Qd2 a4 12. f3 Qa5 13. Rac1 Rfc8 14. Rfd1 Nb4 15. c5
Nxc2 16. Rxc2 Ne8 17. Nd5 Rd8 18. Qxa5 Rxa5 19. cxd6 Rxd5 20. Rxd5 Nxd6 21. Bb6
Ra8 22. e5 Nc8 23. Be3 Be8 24. Rd8 Nb6 {Black resigns} 1-0

[Event "Team 45 45 League T48"]
[Site "Internet Chess Club"]
[Date "2011.03.06"]
[Round "4"]
[White "subterfuge"]
[Black "gaibo4ever"]
[Result "0-1"]
[WhiteElo "1749"]
[BlackElo "2061"]
[Opening "King's Indian: Sämisch, Panno main line"]
[ECO "E84"]
[Time "17:30:27"]
[TimeControl "2700+45"]

1. d4 Nf6 2. c4 g6 3. Nc3 Bg7 4. e4 d6 5. f3 O-O 6. Be3 Nc6 7. Qd2 a6 8. Nge2
Rb8 9. g4 b5 10. Ng3 bxc4 11. h4 e5 12. d5 Nd4 13. Be2 Bd7 14. h5 c6 15. Bh6
Bxh6 16. Qxh6 Nc2+ 17. Kf2 Nxa1 18. g5 Qb6+ 19. Kg2 Qe3 20. Nd1 Qd2 21. Rh4 Nc2
22. Nf2 Rxb2 23. f4 Ne3+ 24. Kf3 Neg4 25. Nxg4 Nxg4 26. Rxg4 Bxg4+ 27. Kxg4
Qxf4+ 28. Kh3 Rxe2 29. Nxe2 Qf1+ 30. Kh4 Qxe2 31. hxg6 Qh2+ {White resigns} 0-1

[Event "Team 45 45 League T48"]
[Site "Internet Chess Club"]
[Date "2011.03.04"]
[Round "4"]
[White "chess9793"]
[Black "aww-rats"]
[Result "1-0"]
[WhiteElo "2124"]
[BlackElo "2054"]
[Opening "KP: Nimzovich defense, Bogolyubov variation"]
[ECO "B00"]
[Time "22:26:29"]
[TimeControl "2700+45"]

1. e4 Nc6 2. d4 d5 3. Nc3 dxe4 4. d5 Ne5 5. Bf4 Ng6 6. Bg3 a6 7. Bc4 Nf6 8. Qe2
Bg4 9. Qe3 Qd7 10. h3 Bf5 11. O-O-O h5 12. Bb3 h4 13. Bh2 Rh5 14. Nge2 Nh8 15.
Nd4 b5 16. Nxf5 Rxf5 17. Nxe4 Nxd5 18. Bxd5 Rxd5 19. Bxc7 Rxd1+ 20. Rxd1 Qxc7
21. Nd6+ Qxd6 22. Rxd6 e6 23. Qb6 Bxd6 24. Qc6+ {Black resigns} 1-0

[Event "Team 45 45 League T48"]
[Site "Internet Chess Club"]
[Date "2011.03.06"]
[Round "4"]
[White "SaltofLife"]
[Black "leland"]
[Result "0-1"]
[WhiteElo "1824"]
[BlackElo "1842"]
[Opening "French: Rubinstein variation"]
[ECO "C10"]
[Time "14:48:19"]
[TimeControl "2700+45"]

1. e4 e6 2. d4 d5 3. Nc3 dxe4 4. Nxe4 Nd7 5. Nf3 Ngf6 6. Bd3 Nxe4 7. Bxe4 Nf6 8.
Bg5 Be7 9. Bxf6 Bxf6 10. Qe2 O-O 11. O-O-O Qe7 12. h4 c5 13. Kb1 g6 14. h5 cxd4
15. Nxd4 e5 16. Nb5 Be6 17. g4 a6 18. Nc3 Rad8 19. Bd5 b5 20. Bxe6 Qxe6 21. Ne4
Rxd1+ 22. Rxd1 Be7 23. hxg6 fxg6 24. g5 Rd8 25. Rxd8+ Bxd8 26. Qf3 Kg7 27. b3
Qd7 28. Nc5 Qc8 29. Qd5 Bxg5 30. Qxe5+ Bf6 31. Qd5 Qh3 32. Ne6+ Kh6 33. Qd2+ g5
34. Nd4 Qh1+ 35. Kb2 Qd5 36. c3 b4 37. Qd3 bxc3+ 38. Kxc3 Qc5+ 39. Qc4 Bxd4+
{White resigns} 0-1

[Event "Team 45 45 League T48"]
[Site "Internet Chess Club"]
[Date "2011.03.05"]
[Round "4"]
[White "wilson97"]
[Black "smitty120"]
[Result "1-0"]
[WhiteElo "1913"]
[BlackElo "1885"]
[Opening "Ruy Lopez: 5.O-O"]
[ECO "C78"]
[Time "16:30:42"]
[TimeControl "2700+45"]

1. e4 e5 2. Nf3 Nc6 3. Bb5 a6 4. Ba4 Nf6 5. O-O b5 6. Bb3 Bc5 7. Re1 O-O 8. c3
d6 9. d3 h6 10. Nbd2 Re8 11. Nf1 d5 12. exd5 Nxd5 13. Ng3 Nf6 14. h3 Rb8 15. Be3
Bd6 16. Ne4 Nxe4 17. dxe4 Qf6 18. Bd5 Bd7 19. Bb3 Rbd8 20. Qe2 Qg6 21. Bd5 Ne7
22. Kh1 c6 23. Bb3 Bc7 24. Bc2 Be6 25. a3 Bc4 26. Nh4 Qf6 27. Qg4 Be6 28. Qg3
Kh8 29. Bc5 Rd2 30. Rac1 g5 31. Nf3 Rd7 32. Rcd1 Rxd1 33. Rxd1 Ng6 34. Bd6 Bxd6
35. Rxd6 Nf4 36. Rxc6 Ra8 37. Bb3 Qd8 38. Bxe6 Qd1+ 39. Kh2 fxe6 40. Nxe5 Qf1
41. Nf7+ Kg7 42. Nxg5 {Black resigns} 1-0

[Event "Team 45 45 League T48"]
[Site "Internet Chess Club"]
[Date "2011.03.05"]
[Round "4"]
[White "Twan709"]
[Black "ice-cream"]
[Result "1-0"]
[WhiteElo "1898"]
[BlackElo "1804"]
[Opening "Sicilian: Richter-Rauzer, Rauzer attack, 7...Be7 defense, 9...Nxd4"]
[ECO "B65"]
[Time "23:00:18"]
[TimeControl "2700+45"]

1. e4 c5 2. Nf3 Nc6 3. d4 cxd4 4. Nxd4 Nf6 5. Nc3 d6 6. Bg5 e6 7. Qd2 Be7 8.
O-O-O O-O 9. f4 Nxd4 10. Qxd4 Qa5 11. Bc4 e5 12. Qd3 exf4 13. Bxf4 Ng4 14. Nd5
Bd8 15. Qd2 Qc5 16. Bb3 Nf2 17. Be3 Nxe4 18. Qd3 Nf2 19. Qe2 Re8 20. Qxf2 Bg5
21. Kb1 Bxe3 22. Rhe1 Bg4 23. Nxe3 Bxd1 24. Bxf7+ Kh8 25. Bxe8 Rxe8 26. Nxd1 Rc8
27. Qxc5 dxc5 28. Re7 Rb8 29. Rc7 h6 30. Kc1 Re8 31. Kd2 Rd8+ 32. Ke2 Re8+ 33.
Ne3 b6 34. Rxa7 Re6 35. c4 Kh7 36. Kd3 Rd6+ 37. Ke2 Re6 38. Rb7 Kg6 39. Kd3 Rd6+
40. Nd5 Kf5 41. Rxb6 {Black resigns} 1-0

[Event "Team 45 45 League T48"]
[Site "Internet Chess Club"]
[Date "2011.03.06"]
[Round "4"]
[White "AugustoCaruso"]
[Black "DieHappy"]
[Result "0-1"]
[WhiteElo "2201"]
[BlackElo "2546"]
[Opening "Sicilian: Najdorf, 6.Bg5"]
[ECO "B94"]
[Time "15:07:10"]
[TimeControl "2700+45"]

1. e4 c5 2. Nf3 d6 3. d4 cxd4 4. Nxd4 Nf6 5. Nc3 a6 6. Bg5 Nbd7 7. f4 Qc7 8. Qf3
h6 9. Bh4 g5 10. fxg5 hxg5 11. Bxg5 Qc5 12. Qe3 Ng4 13. Qd2 Bg7 14. Nb3 Qa7 15.
Nd5 Bxb2 16. Rb1 Be5 17. Nc7+ Kf8 18. Nxa8 Ndf6 19. Bd3 Bxh2 20. Qe2 Qxa8 21.
Nd4 Rh5 22. Bxf6 Nxf6 23. Nf3 Bg4 24. Kf2 d5 25. Qe3 Bxf3 26. gxf3 dxe4 27. Bxe4
Qc8 28. Rbd1 Qh3 29. Qd4 Qg3+ 30. Kf1 Rg5 31. Ke2 Qg2+ 32. Ke3 Re5 33. Rhf1 b5
34. Kd3 Re6 35. Qf2 Qh3 36. Ke2 Nxe4 37. Rd8+ Kg7 38. fxe4 Rf6 39. Rg1+ Bxg1 40.
Qxg1+ Rg6 41. Qd4+ f6 42. Kd2 Qh6+ 43. Kc3 Qc1 44. Qb4 Rg3+ 45. Rd3 Qe1+ 46. Kb3
Qb1+ 47. Kc3 Rxd3+ 48. cxd3 Qc1+ 49. Kd4 Kf7 50. Qa5 Qg1+ 51. Kd5 Qe3 52. Qc3
Qb6 53. Qc6 Qd8+ 54. Kc5 Qxd3 55. Qxa6 Qxe4 56. Qxb5 Qc2+ 57. Kb6 Qf2+ 58. Kc6
Qxa2 59. Qh5+ Kg7 60. Qg4+ Kf8 61. Qg6 Qe6+ 62. Kc7 Qe5+ 63. Kc8 f5 64. Qh6+ Qg7
65. Qh3 Qf6 66. Kd7 f4 67. Qh5 f3 68. Qe8+ Kg7 69. Qa8 f2 70. Qg2+ Kf8 71. Qa8+
Kf7 72. Qd5+ e6 73. Qh5+ Kf8 74. Qc5+ Kg7 {White resigns} 0-1

[Event "Team 45 45 League T48"]
[Site "Internet Chess Club"]
[Date "2011.03.05"]
[Round "4"]
[White "sandham"]
[Black "NFork"]
[Result "1-0"]
[WhiteElo "2129"]
[BlackElo "2265"]
[Opening "Grünfeld: Three knights variation"]
[ECO "D90"]
[Time "02:00:31"]
[TimeControl "2700+45"]

1. d4 Nf6 2. Nf3 g6 3. c4 Bg7 4. Nc3 d5 5. cxd5 Nxd5 6. Bd2 Nb6 7. Rc1 Nc6 8. e3
e5 9. Bb5 exd4 10. Nxd4 Bd7 11. Bxc6 bxc6 12. O-O O-O 13. Nce2 c5 14. Rxc5 Na4
15. Nc6 Bxc6 16. Rxc6 Nxb2 17. Qc2 Qd5 18. Rxc7 Qxa2 19. Nd4 Rab8 20. Bc3 Be5
21. Nc6 Bxc3 22. Qxc3 Rbe8 23. Ne7+ Rxe7 24. Rxe7 Rd8 25. h4 h5 26. Rb7 Nd1 27.
Qf6 Qd5 28. Rxf7 {Black resigns} 1-0

[Event "Team 45 45 League T48"]
[Site "Internet Chess Club"]
[Date "2011.03.07"]
[Round "4"]
[White "grabuark"]
[Black "Deckfuel"]
[Result "1/2-1/2"]
[WhiteElo "2058"]
[BlackElo "1826"]
[Opening "Ruy Lopez: closed, Pilnik variation"]
[ECO "C88"]
[Time "12:00:08"]
[TimeControl "2700+45"]

1. e4 e5 2. Nf3 Nc6 3. Bb5 a6 4. Ba4 Nf6 5. O-O Be7 6. Re1 b5 7. Bb3 O-O 8. d3
d6 9. c3 Bg4 10. Nbd2 Na5 11. Bc2 c5 12. h3 Bh5 13. Nf1 Nd7 14. Ng3 Bg6 15. Be3
Nc6 16. Bb3 h5 17. a4 b4 18. Nf5 Bxf5 19. exf5 Rb8 20. Bc4 a5 21. Nd2 Nf6 22.
Ne4 h4 23. Qf3 Nxe4 24. Qxe4 Rb6 25. Bd5 Nb8 26. Qg4 Nd7 27. Bh6 Bf6 28. Re4 Kh7
29. Bd2 Be7 30. Qh5+ Kg8 31. Qg6 Kh8 32. Qh5+ Kg8 33. Qg6 Kh8 {Game drawn by
mutual agreement} 1/2-1/2

[Event "Team 45 45 League T48"]
[Site "Internet Chess Club"]
[Date "2011.03.07"]
[Round "4"]
[White "HomerSimpson"]
[Black "Vaigpertu"]
[Result "0-1"]
[WhiteElo "2197"]
[BlackElo "2251"]
[Opening "Polish (Sokolsky) opening"]
[ECO "A00"]
[Time "17:31:00"]
[TimeControl "2700+45"]

1. b4 d5 2. Bb2 Nf6 3. Nf3 Bg4 4. Ne5 Bh5 5. c4 e6 6. Qb3 Be7 7. g4 Nxg4 8. Nxg4
Bxg4 9. Bxg7 Rg8 10. Bb2 Bf5 11. cxd5 exd5 12. d3 Qd6 13. b5 Nd7 14. Nd2 Nc5 15.
Qc2 Qe6 16. O-O-O O-O-O 17. Nf3 Qb6 18. Nd4 Bd7 19. a4 Qa5 20. Ba3 Bg5+ 21. e3
Nxa4 22. Nb3 Qxb5 23. d4 Qc6 24. Qxc6 Bxc6 25. Bd3 Nc3 26. Rdg1 Bh4 27. Rxg8
Rxg8 28. Bxh7 Rg2 29. Bf5+ Bd7 30. Bxd7+ Kxd7 31. Nc5+ Kc6 32. Nd3 Bxf2 33. Nxf2
Rxf2 34. h4 Kb5 35. h5 Kc4 36. Bb2 Na2+ 37. Kb1 Kb3 38. Ba1 Rg2 39. h6 Rg8 40.
h7 Rh8 41. Rh2 Nc3+ 42. Kc1 b5 43. Kd2 Ne4+ 44. Kd3 b4 45. Bb2 Ng5 46. Bc1 Rxh7
47. Rb2+ Ka4 48. Ra2+ Kb5 49. Rxa7 f5 50. Ra8 Ne4 51. Rf8 Rh5 52. Rb8+ Ka4 53.
Ra8+ Kb3 54. Rc8 Rh2 55. Rxc7 Ra2 56. Rc8 Nf2# {White checkmated} 0-1

[Event "Team 45 45 League T48"]
[Site "Internet Chess Club"]
[Date "2011.03.05"]
[Round "4"]
[White "pestka"]
[Black "chess9793"]
[Result "1-0"]
[WhiteElo "2335"]
[BlackElo "2116"]
[Opening "Sicilian: accelerated fianchetto, Breyer variation"]
[ECO "B39"]
[Time "23:01:36"]
[TimeControl "2700+45"]

1. Nf3 Nf6 2. c4 g6 3. Nc3 Bg7 4. e4 c5 5. d4 cxd4 6. Nxd4 Nc6 7. Be3 Ng4 8.
Qxg4 Nxd4 9. Qd1 Ne6 10. Rc1 Qa5 11. Bd3 Nc5 12. O-O Nxd3 13. Qxd3 O-O 14. Bd4
d6 15. Nd5 Re8 16. c5 Be6 17. Bxg7 Kxg7 18. Qd4+ Kg8 19. cxd6 Bxd5 20. d7 Red8
21. Rc5 Qb6 22. Rxd5 Qxd4 23. Rxd4 Kf8 24. Rc1 e6 25. Rc7 Ke7 26. Rxb7 Rab8 27.
Rxb8 Rxb8 28. d8=Q+ Rxd8 29. Rxd8 Kxd8 30. Kf1 e5 31. Ke2 f5 32. Kd3 Kc7 33. f3
Kb6 34. Kc4 Kc6 35. b4 a6 36. g4 fxe4 37. fxe4 g5 38. a3 Kd6 39. a4 Kc6 40. a5
h6 41. h3 Kd6 42. b5 axb5+ 43. Kxb5 Kc7 44. Kc5 Kb7 45. Kd5 Ka6 46. Kxe5 Kxa5
47. Kd6 Kb6 48. e5 Kb5 49. e6 Kc4 50. e7 Kd4 51. e8=Q Kd3 52. Kd5 Kd2 53. Kc4
Kd1 54. Kc3 {Black resigns} 1-0